 Dungeon Crawl Stone Soup version 0.22.1-1-ga44c0e5 (webtiles) character file.

20356 brandon the Thaumaturge (level 12, -5/68 HPs)
             Began as a Deep Elf Fire Elementalist on Oct 8, 2018.
             Was an Elder of Vehumet.
             Slain by a death yak (19 damage)
             ... on level 3 of the Lair of Beasts.
             The game lasted 00:53:11 (17308 turns).

brandon the Thaumaturge (DEFE)                     Turns: 17308, Time: 00:53:11

Health: -5/68      AC: 17    Str:  5    XL:     12   Next: 44%
Magic:  30/39      EV: 12    Int: 26    God:    Vehumet [****..]
Gold:   204        SH:  6    Dex: 15    Spells: 8/36 levels left

rFire    . . .     SeeInvis .   Y - staff of wizardry
rCold    . . .     Gourm    .   (no shield)
rNeg     . . .     Faith    .   z - +3 leather armour {MR+}
rPois    .         Spirit   .   y - +2 helmet
rElec    .         Reflect  +   e - scarf {cloud immunity}
rCorr    .         Harm     .   E - +0 pair of gloves
MR       ++...                  (no boots)
Stlth    ++........             q - +6 amulet of reflection
HPRegen  0.21/turn              X - ring of magical power
MPRegen  0.26/turn              J - +6 ring of protection

@: lethally poisoned (-5 -> -44), about to teleport
A: no striking features
a: Renounce Religion


You were on level 3 of the Lair of Beasts.
You worshipped Vehumet.
Vehumet was greatly pleased with you.
You were not hungry.

You visited 3 branches of the dungeon, and saw 15 of its levels.

You collected 804 gold pieces.
You spent 600 gold pieces at shops.

Inventory:

Hand Weapons
 n - a +3 dagger of freezing
Armour
 e - a scarf of cloud immunity (worn)
 k - a +1 cloak
 y - a +2 helmet (worn)
 z - a +3 leather armour of magic resistance (worn)
 E - a +0 pair of gloves (worn)
 T - a +0 troll leather armour
Magical Staves
 Y - an uncursed staff of wizardry (weapon)
Jewellery
 q - a +6 amulet of reflection (around neck)
 u - an uncursed ring of protection from fire
 F - an uncursed ring of stealth
 J - a +6 ring of protection (right hand)
 X - a ring of magical power (left hand)
Wands
 s - a wand of polymorph (25)
 t - a wand of random effects (45)
 A - a wand of iceblast (12)
 K - a wand of flame (14)
 P - a wand of digging (20)
 R - a wand of acid (20)
 U - a wand of clouds (5)
Scrolls
 b - 15 scrolls of teleportation
 h - 2 scrolls of enchant armour
 j - 2 scrolls of fog
 l - 5 scrolls of magic mapping
 v - a scroll of random uselessness {unknown}
 x - 2 scrolls of enchant weapon
 G - a scroll of vulnerability {unknown}
 H - a scroll of fear
 I - 6 scrolls of amnesia
 Q - a scroll of immolation {unknown}
 S - 3 scrolls of remove curse
Potions
 d - 3 potions of brilliance
 f - 2 potions of agility {unknown}
 i - a potion of might
 m - a potion of flight {unknown}
 p - 2 potions of heal wounds
 r - 3 potions of lignification
 w - 5 potions of curing
 B - 2 potions of invisibility {unknown}
 C - a potion of experience {unknown}
 L - a potion of ambrosia {unknown}
 N - a potion of mutation {unknown}
 O - a potion of haste {unknown}
Comestibles
 c - 27 rations


   Skills:
 + Level 5.4 Fighting
 + Level 6.0 Armour
 - Level 2.4 Dodging
 - Level 2.4 Stealth
 * Level 12.9 Spellcasting
 + Level 10.9 Conjurations
 + Level 7.0 Summonings
 - Level 9.6 Fire Magic
 - Level 6.1 Ice Magic


You had 8 spell levels left.
You knew the following spells:

 Your Spells              Type           Power        Failure   Level  Hunger
a - Flame Tongue          Conj/Fire      #####        1%          1    None
b - Magic Dart            Conj           ####         1%          1    None
c - Conjure Flame         Conj/Fire      ######..     1%          3    None
d - Sticky Flame          Conj/Fire      ######..     1%          4    None
e - Fireball              Conj/Fire      ######....   1%          5    ###....
f - Throw Icicle          Conj/Ice       ######..     1%          4    None
g - Summon Ice Beast      Ice/Summ       ######..     1%          4    None
h - Blink                 Tloc           N/A          3%          2    None
i - Call Imp              Summ           ######..     1%          2    None
j - Throw Flame           Conj/Fire      ######       1%          2    None

Your spell library contained the following spells:

 Spells                   Type           Power        Failure   Level  Hunger
 Mephitic Cloud           Conj/Pois/Air  #####...     1%          3    None
 Summon Small Mammal      Summ           ####         1%          1    None
 Call Canine Familiar     Summ           ######..     1%          3    None
 Inner Flame              Hex/Fire       #####...     1%          3    None
 Summon Guardian Golem    Hex/Summ       #####...     1%          3    None
 Animate Skeleton         Necr           N/A          2%          1    None
 Pain                     Necr           ###.         2%          1    None
 Slow                     Hex            ###.....     3%          2    None
 Summon Lightning Spire   Summ/Air       #####...     4%          4    None
 Regeneration             Chrm/Necr      ###.......   6%          3    None
 Vampiric Draining        Necr           ###.......   6%          3    None
 Animate Dead             Necr           N/A          21%         4    None
 Borgnjor's Vile Clutch   Necr/Erth      ###.......   50%         5    ###....


Dungeon Overview and Level Annotations

Branches:
Dungeon (11/15)            Temple (1/1) D:6            Lair (3/6) D:11
 Shoals (0/4) Lair:3        Snake (0/4) Lair:3          Orc (0/2) D:9

Altars:
Ashenzari
Cheibriados
Dithmenos
Elyvilon
Fedhas
Gozag
Hepliaklqana
Kikubaaqudgha
Makhleb
Nemelex Xobeh
Okawaru
Qazlal
Ru
Sif Muna
Trog
Uskayaw
Vehumet
Wu Jian
Xom
Yredelemnul
Zin
The Shining One

Shops:
D:7 }   D:8 :

Annotations:
D:1 Terence
D:2 1 runed door
D:6 3 runed doors, Kay's ghost, novice HOMo


Message History

The black mamba bites you!
* * * LOW HITPOINT WARNING * * *
You are more poisoned.
The black mamba poisons you! The yak gores you.
* * * LOW HITPOINT WARNING * * *
The bullfrog closely misses you. The death yak gores you.
* * * LOW HITPOINT WARNING * * *
You block the death yak's attack.
You feel much better.
You feel very sick. The black mamba bites you!
* * * LOW HITPOINT WARNING * * *
The bullfrog barely misses you. The yak gores you.
* * * LOW HITPOINT WARNING * * *
The black mamba bites you.
* * * LOW HITPOINT WARNING * * *
The death yak gores you!!
* * * LOW HITPOINT WARNING * * *
The death yak gores you!!
You die...

#....# #.................##
#....## #..................#
#.....# #....>............##
#....## #..................#
#.....# ##.................##
.....## #..................#
#....# ##.................##
#....### #....YYY............#
#....PP#####...F@............##
...............S.............#
.............................#
.............................##
.....÷.............†..........#
#.#.###P##.##.##.#..###..######
##### ############### #.## ###


You could see 2 death yaks, a black mamba, a yak and a bullfrog.

Vanquished Creatures
  3 hydras
  Harold (Lair:2)
  2 two-headed ogres
  A deep elf mage (D:8)
  A manticore (Lair:3)
  2 oklob plants
  3 black mambas
  6 spiny frogs
  2 komodo dragons
  A merfolk (D:9)
  A troll (D:10)
  A polar bear (Lair:3)
  Prince Ribbit (D:7)
  3 blink frogs (Lair:1)
  3 hippogriffs
  A spriggan (Lair:3)
  Sigmund (D:3)
  3 yaks (Lair:2)
  A wraith (D:10)
  A vampire (D:11)
  8 wyverns
  A hungry ghost (D:10)
  5 water moccasins
  6 porcupines
  2 sky beasts
  2 orc warriors
  A black bear (D:10)
  An ice beast (D:5)
  3 ogres
  2 phantoms
  5 crocodiles
  5 wolves (Lair:1)
  3 centaurs
  2 big kobolds
  10 bullfrogs
  A gnoll sergeant (D:4)
  2 scorpions (D:4)
  11 killer bees
  5 wights (D:10)
  A jelly (D:10)
  3 howler monkeys (D:11)
  2 crimson imps (D:7)
  A centaur zombie (D:8)
  2 quasits (D:10)
  3 hounds
  7 orc priests
  6 gnoll shamans
  Ijyb (D:3)
  Jessica (D:2)
  2 centaur skeletons
  4 iguanas
  16 worker ants
  2 orc wizards (D:11)
  Robin (D:3)
  38 gnolls
  2 howler monkey skeletons
  11 adders
  2 shadow imps (D:8)
  An adder zombie (D:9)
  An adder skeleton (D:8)
  2 worms
  4 dart slugs
  2 leopard geckos (D:7)
  28 orcs
  A ball python (D:3)
  A bat zombie (D:9)
  4 giant cockroaches
  12 goblins
  6 hobgoblins
  21 jackals
  4 quokkas
  2 ball python skeletons (D:4)
  8 bats
  5 frilled lizards
  A jackal skeleton (D:5)
  9 kobolds
  A leopard gecko skeleton (D:6)
  2 leopard gecko zombies
  4 rats
  2 rat zombies (D:9)
  4 plants (D:11)
343 creatures vanquished.

Vanquished Creatures (collateral kills)
  Nergalle (D:10)
  A troll (D:11)
  An ogre (D:10)
  A bullfrog (D:11)
  An orc priest (D:10)
  An orc (D:10)
6 creatures vanquished.

Vanquished Creatures (others)
  2 bushes (Lair:3)
  3 plants
5 creatures vanquished.

Grand Total: 354 creatures vanquished

Notes
Turn   | Place    | Note
-------+----------+-------------------------------------------
     0 | D:1      | brandon the Deep Elf Fire Elementalist began the quest for
                  | the Orb.
     0 | D:1      | Reached XP level 1. HP: 10/10 MP: 6/6
   284 | D:1      | Reached XP level 2. HP: 16/16 MP: 5/8
   288 | D:1      | Learned a level 2 spell: Throw Flame
   316 | D:1      | Found an iron altar of Okawaru.
   659 | D:2      | Noticed Terence
  1343 | D:2      | Noticed Jessica
  1349 | D:2      | Killed Jessica
  1349 | D:2      | Reached skill level 1 in Fighting
  1349 | D:2      | Reached XP level 3. HP: 20/20 MP: 2/10
  1354 | D:2      | Learned a level 3 spell: Conjure Flame
  1622 | D:2      | Reached XP level 4. HP: 25/25 MP: 4/11
  1820 | D:2      | Learned a level 4 spell: Sticky Flame
  2206 | D:2      | Found a runed door.
  2552 | D:3      | Noticed Robin
  2556 | D:3      | Reached skill level 4 in Spellcasting
  2881 | D:3      | Killed Robin
  2881 | D:3      | Reached XP level 5. HP: 29/29 MP: 1/13
  3122 | D:3      | Noticed Sigmund
  3154 | D:3      | Killed Sigmund
  3154 | D:3      | Reached XP level 6. HP: 24/35 MP: 2/15
  3476 | D:3      | Noticed Ijyb
  3486 | D:3      | Killed Ijyb
  3902 | D:4      | Reached skill level 5 in Spellcasting
  3902 | D:4      | Reached skill level 5 in Conjurations
  3914 | D:4      | Learned a level 5 spell: Fireball
  4021 | D:4      | Found a stormy altar of Qazlal.
  4197 | D:4      | Reached XP level 7. HP: 40/40 MP: 13/16
  4363 | D:4      | Reached skill level 5 in Fire Magic
  4745 | D:4      | Reached skill level 6 in Spellcasting
  4913 | D:4      | Reached XP level 8. HP: 26/46 MP: 7/19
  5909 | D:5      | Entered Level 5 of the Dungeon
  6016 | D:5      | Reached skill level 7 in Spellcasting
  6199 | D:5      | Noticed a two-headed ogre
  6402 | D:5      | Killed a two-headed ogre
  6402 | D:5      | Reached skill level 1 in Armour
  6402 | D:5      | Reached skill level 8 in Spellcasting
  6402 | D:5      | Reached XP level 9. HP: 52/52 MP: 7/23
  6654 | D:5      | Found an opulent altar of Gozag.
  6654 | D:5      | Found a snail-covered altar of Cheibriados.
  6790 | D:6      | Found a staircase to the Ecumenical Temple.
  6809 | Temple   | Entered the Ecumenical Temple
  7047 | D:6      | Found a shadowy altar of Dithmenos.
  7051 | D:6      | Found a burning altar of Makhleb.
  7054 | D:6      | Found a glowing golden altar of the Shining One.
  7091 | D:6      | Found a runed gate.
  7092 | D:6      | Found a runed gate.
  7093 | D:6      | Found a runed gate.
  7093 | D:6      | Noticed Kay's ghost (novice HOMo)
  7835 | D:7      | Found Tusad's Gadget Emporium.
  7936 | D:7      | Noticed Prince Ribbit
  7941 | D:7      | Killed Prince Ribbit
  7941 | D:7      | Reached skill level 9 in Spellcasting
  8642 | D:8      | Found a radiant altar of Vehumet.
  8643 | D:8      | Found a white marble altar of Elyvilon.
  8657 | D:8      | Found Garrimoi's Book Emporium.
  8659 | D:8      | Became a worshipper of Vehumet
  8792 | D:8      | Bought a book of Callings for 360 gold pieces
  8797 | D:8      | Learned a level 4 spell: Summon Ice Beast
  8800 | D:8      | Learned a level 2 spell: Call Imp
  8998 | D:8      | Found a blossoming altar of Fedhas.
  9014 | D:8      | Reached skill level 1 in Summonings
  9199 | D:8      | Reached skill level 1 in Ice Magic
  9278 | D:8      | Noticed a deep elf mage
  9285 | D:8      | Killed a deep elf mage
  9285 | D:8      | Reached XP level 10. HP: 37/58 MP: 0/25
  9450 | D:8      | Reached skill level 10 in Spellcasting
  9858 | D:8      | Found an iron altar of Okawaru.
 10007 | D:9      | Reached * piety under Vehumet
 10007 | D:9      | Offered knowledge of Freeze by Vehumet.
 10529 | D:9      | Found an ancient bone altar of Kikubaaqudgha.
 10574 | D:9      | Found a staircase to the Orcish Mines.
 10659 | D:10     | Entered Level 10 of the Dungeon
 10770 | D:10     | Noticed Nergalle
 10947 | D:10     | Noticed a five-headed hydra
 10961 | D:10     | Killed a five-headed hydra
 11425 | D:10     | Killed Nergalle
 11891 | D:10     | Offered knowledge of Magic Dart by Vehumet.
 11891 | D:10     | Reached ** piety under Vehumet
 12190 | D:10     | Got an ancient hand axe
 12191 | D:10     | Identified the +6 hand axe "Tiusk" {antimagic, Str+4 SInv
                  | Stlth-} (You found it on level 10 of the Dungeon)
 12415 | D:11     | Noticed an oklob plant
 12492 | D:11     | Reached XP level 11. HP: 62/62 MP: 22/27
 12497 | D:11     | Noticed a two-headed ogre
 12800 | D:11     | Killed a two-headed ogre
 12800 | D:11     | Reached skill level 11 in Spellcasting
 13165 | D:11     | Offered knowledge of Searing Ray by Vehumet.
 13529 | D:11     | Reached skill level 5 in Summonings
 13750 | D:11     | Found a staircase to the Lair.
 13795 | D:11     | Reached *** piety under Vehumet
 13798 | D:11     | Killed an oklob plant
 13805 | D:11     | Reached skill level 5 in Ice Magic
 13929 | Lair:1   | Entered Level 1 of the Lair of Beasts
 13929 | Lair:1   | Noticed an oklob plant
 13929 | Lair:1   | Noticed an eight-headed hydra
 13943 | Lair:1   | Killed an eight-headed hydra
 13966 | Lair:1   | Reached skill level 10 in Conjurations
 14161 | Lair:1   | Reached skill level 5 in Armour
 14191 | Lair:1   | Identified a scroll of acquirement
 14198 | Lair:1   | Identified the Reference Book on Excruciating Stones (You
                  | acquired it on level 1 of the Lair of Beasts)
 14297 | Lair:1   | Offered knowledge of Mephitic Cloud by Vehumet.
 14588 | Lair:1   | Noticed a four-headed hydra
 14592 | Lair:1   | Killed a four-headed hydra
 15447 | Lair:1   | Killed an oklob plant
 15620 | D:8      | Bought a book of Minor Magic for 240 gold pieces
 15721 | Lair:2   | Reached XP level 12. HP: 63/68 MP: 29/29
 15725 | Lair:2   | Learned a level 2 spell: Blink
 15727 | Lair:2   | Learned a level 1 spell: Magic Dart
 15732 | Lair:2   | Learned a level 4 spell: Throw Icicle
 15786 | Lair:2   | Reached skill level 12 in Spellcasting
 15885 | Lair:2   | Reached skill level 5 in Fighting
 16039 | Lair:2   | Noticed Harold
 16052 | Lair:2   | Killed Harold
 17184 | Lair:3   | Reached **** piety under Vehumet
 17205 | Lair:3   | Found a staircase to the Shoals.
 17281 | Lair:3   | Noticed a death yak
 17284 | Lair:3   | Noticed a death yak
 17284 | Lair:3   | Noticed a death yak
 17284 | Lair:3   | Noticed a death yak
 17286 | Lair:3   | Noticed a death yak
 17290 | Lair:3   | Found a staircase to the Snake Pit.
 17308 | Lair:3   | Slain by a death yak

Skill      XL: |  1  2  3  4  5  6  7  8  9 10 11 12 |
---------------+-------------------------------------+-----
Conjurations   | 2 3 4 5 6 7 8 9 10 | 10.9
Fighting       | 1 2 3 4 5 |  5.4
Spellcasting   | 4 5 6 8 9 10 11 12 | 12.9
Fire Magic     | 4 5 6 7 8 9 |  9.6
Armour         | 1 3 4 5 6 |  6.0
Summonings     | 1 4 6 7 |  7.0
Ice Magic      | 1 4 6 |  6.1
Dodging        | |  2.4
Stealth        | |  2.4

Action                   |  1- 3 |  4- 6 |  7- 9 | 10-12 || total
-------------------------+-------+-------+-------+-------++-------
Melee: Dagger            |       |    18 |   103 |    24 ||   145
       Staff             |       |       |       |     7 ||     7
 Cast: Flame Tongue      |    37 |    89 |   197 |   186 ||   509
       Throw Flame       |    16 |    23 |    42 |    54 ||   135
       Sticky Flame      |       |     3 |    34 |    65 ||   102
       Fireball          |       |       |     7 |    41 ||    48
       Conjure Flame     |       |       |     1 |     1 ||     2
       Summon Ice Beast  |       |       |       |     8 ||     8
       Call Imp          |       |       |       |     6 ||     6
       Throw Icicle      |       |       |       |    43 ||    43
       Magic Dart        |       |       |       |    13 ||    13
       Blink             |       |       |       |     2 ||     2
  Use: Scroll            |       |     4 |     7 |    13 ||    24
       Potion            |       |       |       |     3 ||     3
  Eat: Chunk             |     2 |     9 |    18 |    25 ||    54
       Ration            |       |       |       |     3 ||     3
Armor: Robe              |     7 |    20 |    11 |       ||    38
       Skin              |       |     2 |       |       ||     2
       Leather armour    |       |       |    46 |    79 ||   125
Dodge: Dodged            |    15 |    31 |    98 |    79 ||   223
Block: Other             |       |       |     6 |    53 ||    59
       Reflection        |       |       |     1 |       ||     1
